Unix NetHack Version 3.7.0-58 Work-in-progress - last build May 9 2022 01:57:28 (68cf6e19034123fb635188453c0de67a0aba65fd,branch:master). Game began 2022-05-15 12:18:06, ended 2022-05-15 12:32:43. elenmirie, neutral female gnomish Healer ---- ---..-- --.....| ---- | |..-..-- ...--- | ..| |....-- ......| ...- |.---- ---- ......| ..... --.| ------..| ............-- --..| --.......-- -............. |..-| |...*.....-- ...........- |-..-------........*.-----h>.*.... |............---.......d.@..| --.<---------- |.....-------- ---- ---.--- --- Elenmirie the Rhizotomist St:8 Dx:8 Co:14 In:12 Wi:16 Ch:17 Neutral Dlvl:5 $:7 HP:0(16) Pw:6(6) AC:6 Xp:1/0 T:1575 Latest messages: What do you want to put on? [rE or ?*] E Which ring-finger, Right or Left? [rl] r E - a diamond ring (on right hand). What do you want to remove? [E or ?*] E You were wearing a diamond ring (on right hand). You swap places with Yermak. Yermak misses the grid bug. Yermak bites the grid bug. The grid bug is killed! $ - 7 gold pieces. You descend the stairs. You hear a jackal howling at the moon. Yermak bites it. Yermak is caught in the gas spore's explosion! Ouch! You bump into a door. You swap places with Yermak. You see here a murky potion. F - a murky potion. You stop. Yermak is in the way! What do you want to use or apply? [efwP or ?*] w You put a murky potion into the bag called sack. You swap places with Yermak. You can't go down here. You climb up the stairs. Where do you want to travel to? (For instructions type a '?') You descend the stairs. You hear some noises in the distance. A trap door in the ceiling opens and a rock falls on your head! Fortunately, you are wearing a hard helmet. You swap places with Yermak. You see here a gray stone. In what direction? h Thump! Ouch! That hurts! You see here a gray stone. (For instructions type a '?') Call a gray stone: load The hobbit thrusts his dagger. The hobbit hits! Your leg feels better. You stop. Yermak is in the way! The hobbit thrusts his dagger. The hobbit hits! You die... Do you want your possessions identified? [ynq] (y) y Do you want to see your attributes? [ynq] (y) y Do you want an account of creatures vanquished? [ynaq] (y) y Do you want to see your conduct and achievements? [ynq] (y) y Do you want to see the dungeon overview? [ynq] (y) y Major events: Turn 1: elenmirie the neutral female gnomish Healer entered the dungeon 1531: entered the Gnomish Mines 1575: killed by a hobbit Inventory: Coins $ - 7 gold pieces Weapons u - an uncursed +1 orcish dagger (weapon in hand) t - an uncursed +0 orcish dagger C - a cursed +0 orcish dagger a - an uncursed +0 scalpel Armor x - a blessed +0 orcish helm (being worn) b - an uncursed +1 pair of leather gloves (being worn) B - an uncursed +0 cloak of displacement (being worn) Comestibles s - an uncursed beneficial tonic j - 5 uncursed apples m - 2 uncursed apples n - 3 uncursed food rations o - 2 uncursed tripe rations Rings r - a cursed ring of polymorph E - an uncursed ring of slow digestion Wands f - an uncursed wand of sleep (0:8) Tools w - an uncursed sack containing 8 items e - an uncursed skeleton key P - an uncursed stethoscope Contents of the sack: 1806 gold pieces 2 uncursed scrolls of enchant weapon an uncursed scroll of punishment an uncursed scroll of stinking cloud 4 uncursed potions of extra healing a blessed potion of hallucination an uncursed potion of sleeping an uncursed potion of water Elenmirie the Healer's attributes: Background: You were a Rhizotomist, a level 1 female gnomish Healer. You were neutral, nominally on a mission for Hermes who was opposed by Athena (lawful) and Poseidon (chaotic). You were in the Gnomish Mines, on level 5. You entered the dungeon 1575 turns ago. There was a full moon in effect when your adventure ended. You had 0 experience points, 20 were needed to attain level 2. Basics: You had 0 out of 16 hit points. You had all 6 energy points (spell power). Your armor class was 6. Your wallet contained 7 zorkmids. Autopickup was on for '$' plus thrown. Final Characteristics: Your strength was 8 (limit:18/50). Your dexterity was 8 (limit:18). Your constitution was 14 (limit:18). Your intelligence was 12 (limit:19). Your wisdom was 16 (limit:18). Your charisma was 17 (limit:18). Final Status: You were not hungry. You were unencumbered. You were wielding a dagger. You were unskilled in dagger. Final Attributes: You were fervently aligned. You were poison resistant. You had infravision. You were displaced. You were warded. You were lucky. You are dead. Miscellaneous: You never encountered a bones level. Total elapsed playing time was 14 minutes and 35 seconds. Vanquished creatures: a gas spore a yellow mold a gnome 2 geckos 5 jackals 5 goblins 6 grid bugs a bat 4 lichens 2 kobold zombies 3 newts 31 creatures vanquished. No species were genocided or became extinct. Voluntary challenges: You were an atheist. You were a pacifist. You read items or engraved 1 time. You never engraved Elbereth. You never genocided any monsters. You never polymorphed an object. You never changed form. You used no wishes. Achievements: You entered a shop. You entered the Gnomish Mines. The Dungeons of Doom: levels 1 to 5 Level 1: A sink. Level 2: A general store, a fountain. Level 3: Level 4: A fountain. Stairs down to The Gnomish Mines. Level 5: The Gnomish Mines: Level 5: <- You were here. Final resting place for you, killed by a hobbit. Game over: ---------- / \ / REST \ / IN \ / PEACE \ / \ | elenmirie | | 1813 Au | | killed by a | | hobbit | | | | | | 2022 | *| * * * | * _________)/\\_//(\/(/\)/\//\/|_)_______ Goodbye elenmirie the Healer... You died in The Gnomish Mines on dungeon level 5 with 597 points, and 1813 pieces of gold, after 1575 moves. You were level 1 with a maximum of 16 hit points when you died.